 Dungeon Crawl Stone Soup version 0.26.1-11-gd32895ea62 (webtiles) character file.

Game seed: 471560835806347617

268 Pepete the Shield-Bearer (level 6, -2/46 (48) HPs)
             Began as a Human Fighter on June 12, 2021.
             Killed by divine providence
             ... invoked by an orc priest
              (8 damage)
             ... on level 3 of the Dungeon.
             The game lasted 00:06:25 (4261 turns).

Pepete the Shield-Bearer (Human Fighter)            Turns: 4261, Time: 00:06:27

HP:   -2/46 (48)    AC:  8    Str: 18 (19) XL:     6   Next: 45%
MP:   6/6           EV:  5    Int:  8      God:
Gold: 188           SH: 14    Dex: 12      Spells: 5/5 levels left

rFire    . . .     SeeInvis .   a - +1 long sword
rCold    . . .     Faith    +   h - +0 tower shield (curse)
rNeg     . . .     Spirit   .   b - +0 scale mail
rPois    .         Reflect  .   q - +0 helmet
rElec    .         Harm     .   (no cloak)
rCorr    .         Rampage  .   (no gloves)
Will     .....                  (no boots)
Stlth    +.........             f - amulet of faith
HPRegen  0.15/turn              p - ring of stealth
MPRegen  0.10/turn              e - ring of flight

@: lightly drained
A: no striking features
a: Evoke Flight


You were on level 3 of the Dungeon.
You visited 1 branch of the dungeon, and saw 3 of its levels.
You also visited: Sewer.

You collected 188 gold pieces.

Inventory:

Hand Weapons
 a - a +1 long sword (weapon)
Armour
 b - a +0 scale mail (worn)
 c - a +1 kite shield
 h - a cursed +0 tower shield (worn)
 o - a +0 scale mail
 q - a +0 helmet (worn)
Magical Staves
 k - an uncursed staff of death {unknown}
Jewellery
 e - a ring of flight (right hand)
 f - an amulet of faith (around neck)
 p - a ring of stealth (left hand)
Scrolls
 d - 2 scrolls of identify
 i - a scroll of teleportation
 r - 2 scrolls of blinking
Potions
 m - 2 potions of curing
 n - 5 potions of heal wounds


   Skills:
 + Level 4.1 Fighting
 + Level 3.5 Long Blades
 + Level 4.2 Armour
 + Level 4.2 Shields


You had 5 spell levels left.
You didn't know any spells.
Your spell library was empty.

Dungeon Overview and Level Annotations

Branches:
Dungeon (3/15)              Sewer (visited)

Altars:
Dithmenos
Ru


Message History

You see here a giant cockroach corpse.
You hit the orc priest.
The orc priest is lightly wounded.
You block the orc priest's attack.
Your shield prevents you from hitting the orc priest.
The orc priest is lightly wounded.
The orc priest invokes the aid of Beogh against you.
You barely resist.
The orc priest hits you but does no damage.
You barely miss the orc priest.
The orc priest is lightly wounded.
The orc priest looks encouraged for a moment.
Your shield and scale mail prevent you from hitting the orc priest.
The orc priest is lightly wounded.
The orc priest calls down the wrath of Beogh upon you.
Pain shoots through your body!
* * * LOW HITPOINT WARNING * * *
The orc priest calls down the wrath of Beogh upon you.
Beogh smites you!
You die...

### #######.# #.......#
#.#####.# #.....#.#
#######.#.# #.........# ###
#.#####.### ....######@#
#.# ..$......#o# #.#
......!..#o#####'##
.....o)....##.....#
........#.###.....#
......#.#...'.....#
.#.####.#####.....####.#.##
.. #>................... .
#....................


You could see an orc priest and an orc wizard.

Vanquished Creatures
  An orc wizard (D:2)
  3 gnolls (D:2)
  6 adders
  4 river rats (Sewer)
  An ooze (Sewer)
  5 dart slugs (D:1)
  5 leopard geckos
  An orc (D:3)
  9 giant cockroaches
  3 goblins (D:1)
  6 hobgoblins
  22 kobolds
  A quokka (D:2)
  5 ball pythons
  11 bats
  3 frilled lizards
  24 rats
110 creatures vanquished.

Notes
Turn   | Place    | Note
-------+----------+-------------------------------------------
     0 | D:1      | Pepete the Human Fighter began the quest for the Orb.
     0 | D:1      | Reached XP level 1. HP: 18/18 MP: 1/1
   138 | D:1      | Reached XP level 2. HP: 24/24 MP: 2/2
   390 | D:1      | Reached XP level 3. HP: 29/29 MP: 3/3
   895 | D:2      | Found a sacrificial altar of Ru.
   903 | D:2      | Reached XP level 4. HP: 25/35 MP: 4/4
  1295 | D:2      | Found a shadowy altar of Dithmenos.
  1487 | D:2      | Reached XP level 5. HP: 41/41 MP: 5/5
  2255 | D:3      | Found a faded altar of an unknown god.
  2274 | D:3      | Found a glowing drain.
  2301 | Sewer    | Entered a sewer
  2828 | Sewer    | Reached XP level 6. HP: 16/48 MP: 6/6
  2831 | Sewer    | HP: 2/48 [river rat (7)]
  4261 | D:3      | Killed from afar by an orc priest

Illustrated notes

Levels and vault maps discovered:
D:1:      nicolae_arrival_memento_mori, layout_rooms,
          chequers_serial_rivers_marsh, minmay_misc_feat_hallway
D:2:      layout_basic, nicolae_ru_great_annihilating_truth,
          minmay_misc_feat_rows, grunt_dithmenos_smoke_and_mirrors
D:3:      layout_basic, chequers_ecumenical_altar_simple_redux,
          gup_sewer_entry_pipe

Skill      XL: |  1  2  3  4  5 |
---------------+----------------+-----
Long Blades    | 3 |  3.5
Shields        | 4 |  4.2
Armour         | 4 |  4.2
Fighting       | 4 |  4.1

Action                   |  1- 3 |  4- 6 || total
-------------------------+-------+-------++-------
Melee: Long sword        |    91 |   257 ||   348
  Use: Scroll            |     4 |     6 ||    10
       Potion            |       |    16 ||    16
Armor: Scale mail        |    57 |   183 ||   240
Dodge: Dodged            |    29 |   112 ||   141
Block: Kite shield       |    54 |   235 ||   289
       Tower shield      |       |    16 ||    16
       Rpst.: Long sword |    13 |    34 ||    47
